 Dungeon Crawl Stone Soup version 0.28-a0-1235-g7c8fac35f0 (webtiles) character file.

Game seed: 16702278435317845592

4 wakim the Gusty (level 1, 0/10 HPs)
             Began as a Tengu Air Elementalist on Dec 24, 2021.
             Slain by a hobgoblin (5 damage)
             ... on level 1 of the Dungeon.
             The game lasted 00:01:20 (217 turns).

wakim the Gusty (Tengu Air Elementalist)             Turns: 217, Time: 00:01:20

Health: 0/10       AC:  2    Str:  8    XL:     1   Next: 70%
Magic:  1/4        EV: 12    Int: 15    God:
Gold:   26         SH:  0    Dex: 14    Spells: 3/4 levels left

rFire   . . .      SeeInvis .   a - +0 dagger
rCold   . . .      Faith    .   (no shield)
rNeg    . . .      Spirit   .   d - +0 robe
rPois   .          Reflect  .   (helmet restricted)
rElec   .          Harm     .   (no cloak)
rCorr   .          Rampage  .   (no gloves)
Will    .....                   (boots unavailable)
Stlth   ++........              (no amulet)
HPRegen 0.03/turn               (no ring)
MPRegen 0.09/turn               (no ring)

@: no status effects
A: beak, talons 3
a: no special abilities


You were on level 1 of the Dungeon.
You visited 1 branch of the dungeon, and saw 1 of its levels.

You collected 26 gold pieces.

Inventory:

Hand Weapons
 a - a +0 dagger (weapon)
Armour
 d - a +0 robe (worn)
Scrolls
 b - a scroll of enchant armour {unknown}
 c - a scroll of identify {unknown}


   Skills:
 - Level 2.1 Dodging
 - Level 2.0 Stealth
 + Level 2.1 Spellcasting
 + Level 1.8 Conjurations
 + Level 4.1 Air Magic


You had 3 spell levels left.
You knew the following spells:

 Your Spells              Type           Power      Damage    Failure   Level
a - Shock                 Conj/Air       40%        1d5       6%          1

Your spell library contained the following spells:

 Spells                   Type           Power      Damage    Failure   Level
 Static Discharge         Conj/Air       10%        N/A       10%         2
 Swiftness                Air            14%        N/A       12%         3
 Airstrike                Air            7%         N/A       36%         4


Dungeon Overview and Level Annotations

Branches:
Dungeon (1/15)

Altars:


Innate Abilities, Weirdness & Mutations

You have a beak for a mouth.
You have claws for feet.


Message History

Things that are here:
a +0 whip; a kobold corpse The rat misses you.
You closely miss the rat. You claw the rat.
You kill the rat!
You see here a rat corpse.
c - a scroll labelled WEJAWIMANA You see here a +0 dagger.
d - a +0 dagger Adjust (i)tems, (s)pells, or (a)bilities?
d - a +0 dagger Adjust to which letter? (? for menu, Esc to quit)
a - a +0 dagger;
d - a +0 robe (worn)
a - a +0 dagger (weapon)
Magic restored.
You open the door.
A hobgoblin comes into view.
There is an open door here.
You miscast Shock.
You are very lightly contaminated with residual magic.
Nothing appears to happen.
The zap hits the hobgoblin.
The hobgoblin is lightly wounded.
The zap misses the hobgoblin.
The zap misses the hobgoblin.
There is an open door here.
Your magical contamination has completely faded away.
The zap hits the hobgoblin.
The hobgoblin is lightly wounded.
The zap misses the hobgoblin.
You hit the hobgoblin but do no damage.
The hobgoblin is lightly wounded.
The hobgoblin hits you.
You hit the hobgoblin but do no damage. You peck the hobgoblin.
The hobgoblin is heavily wounded.
The hobgoblin hits you.
* * * LOW HITPOINT WARNING * * *
The hobgoblin hits you.
Ouch! That really hurt!
You die...

#######.....#
##...........#
#............#
#####.....#......#
...+
.........†...>...#
.$.#
...#.#.).#)######
...# #.#...#.# ...#
#.#...#.# ...#
#.#...#@#### ...
#.#...g....#
..########.#........#
..'............(....#
..########.#..#######
..# #....###### ..#
##........# ###
#...#....# #...#....#


You could see a hobgoblin.

Vanquished Creatures
  An endoplasm (D:1)
  A goblin (D:1)
  A kobold (D:1)
  A rat (D:1)
4 creatures vanquished.

Vanquished Creatures (others)
  2 ghouls (D:1)
  A minotaur (D:1)
  A demonspawn (D:1)
  A draconian (D:1)
  A merfolk (D:1)
  A spriggan (D:1)
  A formicid (D:1)
  A demigod (D:1)
  A gnoll (D:1)
  2 orcs (D:1)
  4 tentacles (D:1)
16 creatures vanquished.

Grand Total: 20 creatures vanquished

Notes
Turn   | Place    | Note
-------+----------+-------------------------------------------
     0 | D:1      | wakim the Tengu Air Elementalist began the quest for the
                  | Orb.
     0 | D:1      | Reached XP level 1. HP: 10/10 MP: 4/4
     0 | D:1      | Noticed a spriggan
     0 | D:1      | Noticed a demigod
     0 | D:1      | Noticed a demonspawn
     0 | D:1      | Noticed a formicid
     0 | D:1      | Noticed a kraken
     0 | D:1      | Noticed a draconian
     0 | D:1      | Noticed a minotaur
     0 | D:1      | Noticed a merfolk
     0 | D:1      | Noticed a ghoul
     0 | D:1      | Noticed a ghoul
     2 | D:1      | Killed a spriggan
     5 | D:1      | Killed a formicid
     9 | D:1      | Killed a demigod
    10 | D:1      | Killed a merfolk
    12 | D:1      | Killed a demonspawn
    13 | D:1      | Killed a minotaur
    16 | D:1      | Killed a ghoul
    18 | D:1      | Killed a ghoul
    19 | D:1      | Killed a draconian
    69 | D:1      | Found a faded altar of an unknown god.
   217 | D:1      | Slain by a hobgoblin

Illustrated notes

Levels and vault maps discovered:
D:1:      nicolae_arrival_kraken_aquarium_a, layout_basic,
          chequers_ecumenical_altar_island

Action                   || total
-------------------------++-------
Melee: Dagger            ||     2
       Unarmed           ||     1
       Kick              ||     1
       Peck              ||     1
 Cast: Shock             ||     9
Dodge: Dodged            ||     1

Table legend: (Time is in decaauts)
 A = Elapsed time spent in this place.
 B = Non-inter-level travel time spent in this place.
 C = Inter-level travel time spent in this place.
 D = Time resting spent in this place.
 E = Time spent auto-exploring this place.
 F = Levels seen in this place.
 G = Mean time per level.
                   A        B        C        D        E       F      G
               +--------+--------+--------+--------+--------+-----+--------+
         Total |    222 |    222 |      0 |      0 |     23 |   1 |  222.0 |
       Dungeon |    222 |    222 |      0 |      0 |     23 |   1 |  222.0 |
               +--------+--------+--------+--------+--------+-----+--------+

Top non-repeatable levels by time:
     D:1: 222 daAuts
